Map: Galactic Process LE

Players

Kalavast - Winner!

  • Race: Protoss Protoss
  • League: Gold
  • Spawn Location: 1:00

Fropez

  • Race: Protoss Protoss
  • League: Gold
  • Spawn Location: 7:00

VOD

Have the link to the VOD?

Description

Time

  • Played on: Oct. 4, 2016, 6:13 p.m.
  • Length: 6:11
Show
View Real Time Build Order
Export as new Build Order

Kalavast Protoss - Winner!

Build Orders:  

Get SALT Encoding   

  12  0:01  Probe (Chrono Boost)  
  13  0:12  Probe (Chrono Boost)  
  14  0:17  Pylon  
  14  0:23  Probe (Chrono Boost)  
  15  0:29  Assimilator  
  15  0:36  Probe (Chrono Boost)  
  16  0:43  Gateway  
  16  0:48  Probe (Chrono Boost)  
  17  0:59  Probe (Chrono Boost)  
  18  1:10  Probe (Chrono Boost)  
  19  1:12  Pylon  
  19  1:20  Probe (Chrono Boost)  
  20  1:32  Assimilator  
  20  1:35  Zealot (Chrono Boost)  
  22  1:49  Probe (Chrono Boost)  
  23  2:01  Probe  
  24  2:13  Probe  
  25  2:25  Probe  
  27  2:37  Probe, Zealot (Chrono Boost)  
  28  2:48  Gateway  
  28  2:50  Probe  
  29  3:00  Zealot (Chrono Boost)  
  31  3:10  Probe  
  29  3:22  Probe  
  30  3:35  Pylon, Probe  
  30  3:38  Pylon  
  31  3:45  Zealot (Chrono Boost)  
  31  3:53  Probe  
  32  4:00  Nexus  
  32  4:05  Probe  
  32  4:08  Zealot (Chrono Boost)  
  35  4:18  Probe  
  36  4:24  Cybernetics Core  
  36  4:33  Assimilator  
  36  4:36  Assimilator  
  36  4:48  Probe  
  37  5:00  Probe  
  38  5:12  Probe  
  39  5:18  Probe  
  40  5:23  Adept (Chrono Boost)  
  40  5:24  Probe  
  40  5:27  Adept (Chrono Boost)  
  45  5:29  Probe  
  46  5:36  Probe  
  46  5:39  Probe  
  46  5:40  Gateway  
  48  5:44  Forge  
  48  5:48  Mothership Core  
Show
View Real Time Build Order
Export as new Build Order

Fropez Protoss 

Build Orders: Cannon Rush 

Get SALT Encoding   

  12  0:01  Probe (Chrono Boost)  
  13  0:17  Pylon, Probe (Chrono Boost)  
  15  0:28  Probe (Chrono Boost)  
  15  0:36  Forge  
  15  0:39  Probe (Chrono Boost)  
  16  0:49  Probe (Chrono Boost)  
  17  0:59  Pylon  
  17  1:03  Probe (Chrono Boost)  
  18  1:11  Pylon  
  18  1:13  Pylon  
  18  1:17  Pylon  
  18  1:24  Probe (Chrono Boost)  
  19  1:34  Photon Cannon  
  19  1:38  Photon Cannon  
  19  1:47  Photon Cannon  
  19  1:56  Pylon  
  19  1:59  Photon Cannon  
  19  2:15  Gateway  
  19  2:33  Photon Cannon  
  19  2:37  Photon Cannon  
  19  2:39  Photon Cannon  
  19  2:44  Pylon  
  19  2:53  Photon Cannon  
  19  3:02  Photon Cannon  
  19  3:12  Photon Cannon  
  19  3:23  Photon Cannon  
  19  3:48  Nexus  
  19  3:56  Pylon  
  19  4:03  Pylon, Probe (Chrono Boost)  
  20  4:12  Pylon  
  20  4:16  Probe (Chrono Boost)  
  21  4:20  Assimilator  
  21  4:26  Assimilator  
  21  4:36  Cybernetics Core  
  21  4:40  Probe (Chrono Boost)  
  22  4:50  Pylon  
  22  5:12  Probe (Chrono Boost)  
  23  5:22  Probe (Chrono Boost)  
  23  5:30  Zealot (Chrono Boost)  
  22  5:45  Photon Cannon  
  22  5:56  Assimilator  
  22  5:57  Probe  
Tags
 
League
GoldGold
Matchup
PvP
Replay Pack
All Mines
Spawn Locations
Cross Positions
Add a new tag
Caveats
  • Supply blocks, unpowered buildings, or Contaminate may cause inaccurate times.
  • Supply counts are checked every 10 seconds.